 Dungeon Crawl Stone Soup version 0.30.0-19-g36f170ea60 (webtiles) character file.

Game seed: 1113438201052086069

64651 croobank the Nimble (level 14, -4/127 HPs)
             Began as a Demigod Summoner on May 29, 2023.
             Slain by Snorg (8 damage)
             ... on level 4 of the Lair of Beasts.
             The game lasted 01:32:53 (22030 turns).

croobank the Nimble (Demigod Summoner)             Turns: 22030, Time: 01:32:54

Health: -4/127     AC: 13    Str:  9    XL:     14   Next: 34%
Magic:  29/32      EV: 17    Int: 39    God:
Gold:   850        SH:  0    Dex: 14    Spells: 18/33 levels left

rFire   + . .        U - +2 dagger (venom)
rCold   + + .        (no shield)
rNeg    . . .        Y - +0 troll leather armour
rPois   +            j - +3 crown of Dyrovepreva {rElec Int+2 SInv}
rElec   +            S - scarf {rC+ rF+}
rCorr   .            f - +2 pair of gloves of the Hurricane {rPois Int+4}
SInv    +            l - +2 pair of boots
Will    +....        a - amulet of magic regeneration
Stlth   ++           p - ring of protection from cold
HPRegen 1.21/turn    e - +4 ring of slaying
MPRegen 0.63/turn

%: no passive effects
@: no status effects
A: high MP 1, forlorn, divine attributes
a: no special abilities


You were on level 4 of the Lair of Beasts.
You visited 2 branches of the dungeon, and saw 18 of its levels.
You also visited: Sewer and Bailey.

You collected 1153 gold pieces.
You spent 303 gold pieces at shops.

Inventory:

Hand Weapons
 k - a +4 long sword of protection
 q - a +1 broad axe
 z - a +0 falchion of flaming
 U - a +2 dagger of venom (weapon)
Missiles
 i - 2 curare-tipped darts
 L - 2 javelins
 V - 14 boomerangs
Armour
 f - the +2 pair of gloves of the Hurricane (worn) {rPois Int+4}
   (You acquired it on level 9 of the Dungeon)

   Int:       It affects your intelligence (+4).
   rPois:     It protects you from poison.
 j - the +3 crown of Dyrovepreva (worn) {rElec Int+2 SInv}
   (You acquired it on level 3 of the Dungeon)

   Int:       It affects your intelligence (+2).
   rElec:     It insulates you from electricity.
   SInv:      It lets you see invisible.
 l - a +2 pair of boots (worn)
 C - a +0 robe of cold resistance
 N - the +1 robe of the Snake Pit {rCorr}
   (You bought it in a shop on level 1 of the Dungeon)

   rCorr:     It protects you from acid and corrosion.
 O - a +2 cloak of stealth
 S - a scarf of resistance (worn)
 Y - a +0 troll leather armour (worn)
Jewellery
 a - an amulet of magic regeneration (around neck)
 e - a +4 ring of slaying (right hand)
 p - a ring of protection from cold (left hand)
 B - an amulet of reflection
 P - a +5 ring of evasion
Wands
 m - a wand of light (8)
 r - a wand of mindburst (11)
 t - a wand of flame (29)
 R - a wand of roots (20)
 W - a wand of digging (5)
 Z - a wand of charming (17)
Scrolls
 d - 3 scrolls of fog
 h - 3 scrolls of fear
 o - 12 scrolls of teleportation
 s - 6 scrolls of amnesia
 u - 2 scrolls of poison
 v - a scroll of enchant weapon
 y - 2 scrolls of enchant armour
 A - 5 scrolls of vulnerability
 E - 3 scrolls of identify
 I - 5 scrolls of magic mapping
Potions
 g - 2 potions of haste
 w - 2 potions of cancellation
 x - 5 potions of mutation
 D - 5 potions of flight
 F - 6 potions of heal wounds
 G - a potion of invisibility
 H - 6 potions of might
 K - a potion of berserk rage
 M - 3 potions of resistance
 Q - 7 potions of curing
 T - 5 potions of attraction
 X - 2 potions of lignification
Miscellaneous
 b - a phantom mirror
 n - a tin of tremorstones (2/2)
 J - a piece from Xom's chessboard (15/15)


   Skills:
 + Level 12.5 Fighting
 + Level 12.7 Dodging
 - Level 2.1 Stealth
 - Level 10.0 Spellcasting
 - Level 5.0 Hexes
 - Level 10.0 Summonings
 - Level 3.0 Translocations
 - Level 7.0 Air Magic


You had 18 spell levels left.
You knew the following spells:

 Your Spells              Type           Power      Damage    Failure   Level
a - Summon Small Mammal   Summ           100%       N/A       1%          1
b - Call Imp              Summ           100%       N/A       1%          2
c - Call Canine Familiar  Summ           78%        N/A       1%          3
d - Summon Guardian Gole  Hex/Summ       67%        N/A       1%          3
e - Summon Lightning Spi  Summ/Air       72%        N/A       1%          4
f - Blink                 Tloc           84%        N/A       1%          2

Your spell library contained the following spells:

 Spells                   Type           Power      Damage    Failure   Level
 Lesser Beckoning         Tloc           84%        N/A       1%          2
 Portal Projectile        Hex/Tloc       100%       N/A       1%          3
 Tukima's Dance           Hex            55%        N/A       1%          3
 Momentum Strike          Conj/Tloc      62%        3d9       2%          2
 Gell's Gravitas          Tloc           42%        N/A       2%          3
 Teleport Other           Tloc           42%        N/A       2%          3
 Cause Fear               Hex            27%        N/A       3%          4
 Ozocubu's Armour         Ice            19%        N/A       8%          3
 Anguish                  Hex/Necr       19%        N/A       10%         4
 Leda's Liquefaction      Hex/Erth       19%        N/A       10%         4
 Animate Dead             Necr           19%        N/A       26%         4
 Freezing Cloud           Conj/Ice/Air   18%        6-21      28%         5
 Blade Hands              Tmut           9%         N/A       58%         5
 Borgnjor's Vile Clutch   Necr/Erth      9%         N/A       58%         5
 Lee's Rapid Deconstruct  Erth           9%         3d7*      58%         5
 Enfeeble                 Hex            27%        N/A       96%         7
 Spellforged Servitor     Conj/Summ      27%        N/A       96%         7
 Death Channel            Necr           9%         N/A       99%         6
 Simulacrum               Ice/Necr       9%         N/A       99%         6
 Statue Form              Tmut/Erth      12%        N/A       99%         6
 Orb of Destruction       Conj           9%         9d6       100%        7
 Ozocubu's Refrigeration  Ice            9%         4d9       100%        7


Dungeon Overview and Level Annotations

Branches:
Dungeon (14/15)            Temple (0/1) D:5            Lair (4/5) D:9
  Swamp (0/4) Lair:2       Spider (0/4) Lair:3          Orc (0/2) D:12
 Vaults (0/5) D:13          Sewer (visited)          Bailey (visited)
  Slime: Lair:4-5

Shops:
D:1 [

Annotations:
D:3 3 runed translucent doors, Kamelo's ghost, amateur GrEE
D:13 3 runed translucent doors, growler's ghost, journeyman MfTm; twolf1369's ghost, journeyman MiFi
Lair:4 2 transporters, exclusion: oklob plant, Fractals's ghost, journeyman DEEn; Snorg


Innate Abilities, Weirdness & Mutations

You have an increased reservoir of magic. (+10% MP)
You shall have no god before yourself.
Your divine heritage dramatically boosts your attributes as you level up.


Message History

Snorg goes berserk!
The blink frog completely misses you.
You hit the blink frog.
The blink frog looks as sick as possible!
The blink frog is moderately wounded.
The blink frog misses you. Snorg bites you but does no damage. Snorg claws you.
Snorg claws you!
The blink frog hits you but does no damage.
You hit the blink frog but do no damage.
The blink frog is heavily wounded.
Snorg closely misses you. Snorg claws you. Snorg completely misses you.
The blink frog closely misses you.
You hit the blink frog.
The blink frog looks as sick as possible!
The blink frog is severely wounded.
Snorg completely misses you. Snorg claws you but does no damage.
Snorg claws you.
The blink frog hits you but does no damage.
Snorg barely misses you. Snorg claws you. Snorg misses you.
You hit the blink frog.
The blink frog looks as sick as possible!
The blink frog is almost dead.
The blink frog completely misses you. Snorg bites you! Snorg claws you! x2
The blink frog barely misses you.
Casting: Summon Lightning Spire (mildly dangerous; 1% risk of failure)
Confirm with . or Enter, or press ? or * to list all spells.
An electric hum fills the air.
You kill the blink frog!
Snorg closely misses you. Snorg claws you! Snorg closely misses you.
Snorg bites you!
* * * LOW HITPOINT WARNING * * *
Snorg claws you!
* * * LOW HITPOINT WARNING * * *
Snorg barely misses you.
Aiming: Bolt of Light
Press: ? - help, Shift-Dir - straight line, f - Snorg
Aim: Snorg (heavily wounded, berserk, very poisoned, ally target, 71% to hit)
The bolt of light misses Snorg.
Snorg misses you. Snorg claws you!!
* * * LOW HITPOINT WARNING * * *
Snorg claws you!
You die...

##.≈≈....##.###/F##.#.#
###≈≈≈.##.####........
#≈#≈≈≈≈##.#≈.........
##≈#..##≈.≈#..#.#.###
##...#..≈≈...####.##
##.....≈≈≈..######
##.#....#≈P...#..##
###.....#.#.........#
##....@.....#..#.#.#.##
#.#....T....#P..#.#...#
##......8...#..#####..#
#.#.†....#..#.# ##...#
#..........#..###.....
##........####.........
#.#.......#..#.#.P.....
####....P#.....###.#<##
#......#......###..##


You could see Snorg (berserk, very poisoned, ally target) and a friendly
lightning spire (summoned).

Vanquished Creatures
  2 centaur warriors
  An ogre mage (D:14)
  3 two-headed ogres (D:14)
  A boulder beetle (D:11)
  A manticore (D:14)
  A komodo dragon (Lair:3)
  An unseen horror (D:12)
  A polar bear (Lair:2)
  A raiju (shapeshifter) (D:13)
  5 blink frogs
  A shadow (D:10)
  9 yaks
  A wyvern (Lair:2)
  A vampire mosquito (D:13)
  A water moccasin (Lair:1)
  A sky beast (D:8)
  4 wolves (Lair:1)
  A boggart (D:11)
  4 centaurs
  2 ogres
  A phantom (D:5)
  A nameless horror (D:6)
  10 bullfrogs
  2 electric eels (Lair:2)
  2 howler monkeys
  2 crimson imps (D:7)
  An orc priest (D:8)
  A jelly (D:7)
  2 orc wizards
  7 adders
  A shadow imp (D:6)
  A white imp (D:8)
  A worm (D:3)
  A dart slug (D:1)
  7 orcs
  5 bats
  2 endoplasms (D:4)
  3 giant cockroaches
  2 goblins (D:3)
  A hobgoblin (D:2)
  2 jackals (D:1)
  A quokka (D:2)
  3 ball pythons
  A frilled lizard (D:1)
  A kobold (D:4)
  4 rats
107 creatures vanquished.

Vanquished Creatures (collateral kills)
  An orc warlord (Bailey)
  2 vault guards (D:13)
  A boulder beetle (Lair:1)
  A hydra (D:11)
  2 centaur warriors (D:13)
  5 death yaks
  A two-headed ogre (D:10)
  A tengu warrior (D:13)
  A pharaoh ant (Lair:3)
  A skyshark (Lair:2)
  2 bog bodies (Lair:2)
  4 lindwurms (D:13)
  2 deep elf pyromancers (D:13)
  2 wizards (D:12)
  A manticore (D:12)
  A black mamba (Lair:3)
  Joseph (D:8)
  Maurice (D:10)
  A torpor snail (Lair:2)
  3 cane toads
  A gargoyle (D:13)
  7 komodo dragons
  A tengu conjurer (D:13)
  A meliai (shapeshifter) (D:11)
  A troll (D:6)
  A tarantella (Lair:3)
  A hornet (D:11)
  Grinder (D:6)
  13 blink frogs
  A slime creature (D:13)
  A vampire (D:10)
  4 wyverns
  Sigmund (D:6)
  2 humans (D:13)
  8 yaks
  4 steam dragons
  A basilisk (Lair:1)
  2 redbacks (Lair:3)
  2 vampire mosquitoes (D:13)
  A warg (D:12)
  A swamp worm (Lair:2)
  6 water moccasins
  11 orc warriors
  A sky beast (D:8)
  4 black bears
  2 ice beasts
  10 centaurs
  3 wolves (Lair:1)
  4 kobold brigands
  4 scorpions
  3 bullfrogs
  17 wights
  13 killer bees
  2 howler monkeys
  6 crimson imps (D:7)
  3 hounds
  2 orc priests (D:6)
  3 jellies (D:6)
  3 iguanas (D:6)
  2 hell rats (Lair:2)
  12 orc wizards
  8 gnolls
  6 adders
  2 river rats (Sewer)
  2 white imps (D:7)
  A worm (D:2)
  A dart slug (D:3)
  28 orcs
  7 ball pythons
  4 endoplasms
  5 giant cockroaches
  16 goblins
  12 hobgoblins
  A jackal (D:1)
  12 kobolds
  3 quokkas
  A bat (D:1)
  6 frilled lizards
  5 rats
  A butterfly (D:9)
321 creatures vanquished.

Vanquished Creatures (others)
  2 vault guards (D:13)
  2 hydras
  A boulder beetle (D:12)
  A catoblepas (D:11)
  3 two-headed ogres
  A centaur warrior (D:13)
  A death knight (D:11)
  3 death yaks (Lair:3)
  3 wizards (D:12)
  A bog body (Lair:2)
  A cyclops (D:13)
  A gargoyle (D:12)
  2 komodo dragons
  A troll (shapeshifter) (D:11)
  A troll (D:9)
  A blink frog (Lair:4)
  2 slime creatures (D:13)
  11 yaks
  6 humans (D:13)
  A warg (D:12)
  Edmund (D:6)
  A swamp worm (Lair:2)
  An acid dragon (D:10)
  An ice beast (D:5)
  2 black bears (Lair:1)
  4 orc warriors
  2 wolves (Lair:1)
  3 centaurs
  A bullfrog (Lair:4)
  A scorpion (D:4)
  A wight (D:9)
  4 killer bees
  3 howler monkeys (D:10)
  A jelly (D:6)
  4 hell rats (Lair:2)
  2 orc wizards
  4 orcs
  A goblin (Bailey)
  A hobgoblin (Bailey)
  A kobold (D:7)
  A butterfly (D:9)
85 creatures vanquished.

Grand Total: 513 creatures vanquished

Notes
Turn   | Place    | Note
-------+----------+-------------------------------------------
     0 | D:1      | croobank the Demigod Summoner began the quest for the Orb.
     0 | D:1      | Reached XP level 1. HP: 14/14 MP: 5/5
   117 | D:1      | Found Okhlen's Antique Armour Boutique.
   191 | D:1      | Reached XP level 2. HP: 20/20 MP: 5/7
   194 | D:1      | Learned a level 2 spell: Call Imp
   851 | D:1      | Reached XP level 3. HP: 27/27 MP: 4/8
   855 | D:1      | Learned a level 3 spell: Call Canine Familiar
  1417 | D:2      | Reached skill level 1 in Fighting
  1897 | D:3      | Reached XP level 4. HP: 24/35 MP: 7/10
  1967 | D:3      | Found a glowing drain.
  1971 | Sewer    | Entered a sewer
  2240 | Sewer    | Noticed a kobold brigand
  2277 | Sewer    | Killed a kobold brigand
  2278 | Sewer    | Reached skill level 1 in Hexes
  2278 | Sewer    | Reached XP level 5. HP: 10/41 MP: 0/12
  3084 | D:3      | Identified a scroll of acquirement
  3084 | D:3      | Acquired the +3 crown of Dyrovepreva {rElec Int+2 SInv}
  3084 | D:3      | Found the +3 crown of Dyrovepreva {rElec Int+2 SInv}
  3269 | D:3      | Found a runed translucent gate.
  3269 | D:3      | Found a runed translucent gate.
  3269 | D:3      | Found a runed translucent gate.
  3270 | D:3      | Noticed Kamelo's ghost (amateur GrEE)
  3278 | D:3      | Learned a level 3 spell: Summon Guardian Golem
  3362 | D:3      | Identified the +3 sling of the Screaming Fulmar {heavy,
                  | Contam rCorr Int+2}
  3799 | D:4      | Reached XP level 6. HP: 48/48 MP: 4/13
  4708 | D:5      | Entered Level 5 of the Dungeon
  4847 | D:5      | Reached XP level 7. HP: 56/56 MP: 9/15
  4894 | D:5      | Found a staircase to the Ecumenical Temple.
  4936 | D:5      | Reached skill level 5 in Summonings
  5851 | D:6      | Learned a level 4 spell: Summon Lightning Spire
  5890 | D:6      | Noticed Sigmund
  5919 | D:6      | Killed Sigmund
  5920 | D:6      | Reached XP level 8. HP: 42/66 MP: 5/17
  5966 | D:6      | Noticed Edmund
  5990 | D:6      | Killed Edmund
  5991 | D:6      | Reached skill level 1 in Air Magic
  6272 | D:6      | Identified the +7 sling of Cowardice {freeze, rPois rC-
                  | rCorr Stlth+}
  6404 | D:6      | HP: 3/66 [orc priest/divine providence (10)]
  6413 | D:7      | Found a flagged portal.
  6616 | Bailey   | Entered a bailey
  6989 | Bailey   | Reached skill level 5 in Dodging
  7058 | Bailey   | Reached XP level 9. HP: 72/72 MP: 4/19
  7061 | Bailey   | Noticed an orc warlord
  7085 | Bailey   | Killed an orc warlord
  7086 | Bailey   | Reached skill level 5 in Fighting
  7086 | Bailey   | Reached skill level 5 in Spellcasting
  7626 | D:6      | Reached skill level 5 in Hexes
  7705 | D:6      | Noticed Grinder
  7721 | D:6      | Killed Grinder
  7967 | D:6      | Reached skill level 5 in Air Magic
  8499 | D:1      | Bought a creamy pearl robe for 131 gold pieces
  8499 | D:1      | Identified the +1 robe of the Snake Pit {rCorr} (You bought
                  | it in a shop on level 1 of the Dungeon)
  8499 | D:1      | Bought an embroidered cloak for 172 gold pieces
  8709 | D:7      | Reached XP level 10. HP: 62/81 MP: 15/22
 10832 | D:8      | Reached XP level 11. HP: 83/91 MP: 20/26
 10881 | D:8      | Noticed Joseph
 10894 | D:8      | Killed Joseph
 11797 | D:9      | Learned a level 2 spell: Blink
 11827 | D:9      | Acquired the +2 pair of gloves of the Hurricane {rPois
                  | Int+4}
 11982 | D:9      | Noticed a two-headed ogre
 12005 | D:9      | Killed a two-headed ogre
 12112 | D:9      | Reached skill level 1 in Translocations
 12400 | D:9      | Found a staircase to the Lair.
 12859 | D:10     | Entered Level 10 of the Dungeon
 12953 | D:10     | Noticed a two-headed ogre
 12964 | D:10     | Killed a two-headed ogre
 12965 | D:10     | Reached XP level 12. HP: 101/101 MP: 14/28
 12982 | D:10     | Noticed Maurice
 12987 | D:10     | Killed Maurice
 14272 | D:11     | Noticed a boulder beetle
 14287 | D:11     | Killed a boulder beetle
 14298 | D:11     | Noticed a seven-headed hydra
 14324 | D:11     | Noticed a death knight
 14331 | D:11     | Killed a death knight
 14385 | D:11     | Got Juqentiz's Spellbook of the Wendigo
 14421 | D:11     | Noticed a catoblepas
 14442 | D:11     | Killed a catoblepas
 14523 | D:11     | Killed a seven-headed hydra
 14564 | D:11     | Noticed a seven-headed hydra
 14573 | D:11     | Killed a seven-headed hydra
 14841 | D:12     | Noticed a boulder beetle
 14856 | D:12     | Killed a boulder beetle
 15118 | D:12     | Found a staircase to the Orcish Mines.
 16180 | D:13     | Noticed a centaur warrior
 16334 | D:14     | Noticed a boulder beetle
 16334 | D:14     | Noticed a centaur warrior
 16336 | D:14     | Noticed an ogre mage
 16342 | D:14     | Killed a centaur warrior
 16342 | D:14     | Killed an ogre mage
 16343 | D:14     | Reached skill level 10 in Summonings
 16343 | D:14     | Reached XP level 13. HP: 90/111 MP: 24/31
 16590 | D:13     | Reached skill level 10 in Spellcasting
 16600 | D:13     | Reached skill level 10 in Dodging
 16677 | D:13     | Reached skill level 10 in Fighting
 17027 | D:13     | Found a runed translucent gate.
 17027 | D:13     | Found a runed translucent gate.
 17027 | D:13     | Found a runed translucent gate.
 17032 | D:13     | Noticed a lich
 17032 | D:13     | Noticed twolf1369's ghost (journeyman MiFi)
 17032 | D:13     | Noticed a lich
 17032 | D:13     | Noticed growler's ghost (journeyman MfTm)
 17033 | D:13     | Noticed a lich
 17033 | D:13     | Found the +10 dark maul {heavy}
 17489 | D:13     | Found a gate to the Vaults.
 17844 | Lair:1   | Entered Level 1 of the Lair of Beasts
 19025 | Lair:2   | Found a staircase to the Swamp.
 19938 | Lair:3   | Reached XP level 14. HP: 124/124 MP: 28/32
 20392 | Lair:3   | Found a hole to the Spider Nest.
 21543 | Lair:4   | Noticed Fractals's ghost (journeyman DEEn)
 21551 | Lair:4   | Found a transporter.
 21709 | Lair:4   | Found a transporter.
 22009 | Lair:4   | Noticed Snorg
 22030 | Lair:4   | HP: 4/127 [Snorg (18)]
 22030 | Lair:4   | Slain by Snorg

Illustrated notes

Levels and vault maps discovered:
D:1:      psy_arrival_basics, layout_loops_corners, serial_shops,
          nicolae_shop_hallway_plus, hex_large, minmay_tripent
D:2:      layout_rooms, minmay_tromino_i2
D:3:      layout_rooms, lemuel_tele_altar, cheibrodos_ashenzari_chains,
          gup_sewer_entry_spiral, ebering_ecumenical_altar_abandoned,
          ebering_ghost_gozag
D:4:      layout_loops_cross, nzn_wu_jian_council_hall, minivault_11
D:5:      layout_basic, minmay_temple_entry_drinking_statues
D:6:      minmay_spotlight, layout_basic, general_overflow_altar, uniq_sigmund,
          uniq_grinder, uniq_edmund
D:7:      layout_loops_ring, nemelex_xobeh_ov_fountains_minmay,
          mainiacjoe_overflow_surrounded_room, nicolae_uskayaw_suspiria,
          lightli_temple_of_fire, serial_co_window_serial, co_window_paths_b,
          co_window_paths_b, co_window_of_opportunity_a, co_window_paths_b,
          co_window_corner_a, co_window_paths_b, co_window_paths_b,
          co_window_of_opportunity_b, co_window_corner_b, co_window_corner_b,
          co_window_broadway_a, co_window_paths_d, glass_columns_a,
          glass_columns_b, glass_columns_b, glass_columns_b, glass_columns_a,
          enter_bailey_2, minmay_nine_imps
D:8:      layout_loops_ring, nicolae_tso_swordbearing_angel,
          mainiacjoe_overflow_brackets, uniq_joseph
D:9:      layout_basic, xom_butterflies, grunt_lair_entry_orc_guard_hut
D:10:     layout_big_octagon, grunt_gozag_breadcrumbs, uniq_maurice
D:11:     layout_gridville, minmay_evil_grid
D:12:     minmay_wizard_corner, layout_layer_cave, minmay_orc_entry_guard_dogs
D:13:     layout_irregular_city, ximxim_vaults_locker_room,
          gammafunk_ghost_crypt, minmay_lindwurm_lava
D:14:     layout_gridville, fedhas_altar_1
Lair:1:   layout_hall_layers, st_stairs_13, beast_lair_carwin_5,
          grunt_megastairs_2, serial_bayou_shore_b
Lair:2:   layout_gridlike, nicolae_swamp_entry_splash_gauntlet
Lair:3:   layout_cave_pods, nicolae_spider_entry_lesser_pyramids,
          infiniplex_staircase_pool_2, lemuel_fruit_fields
Lair:4:   layout_loops_ring, nzn_ghost_randoct, chequers_serial_rivers_small_b,
          beast_lair_carwin_10, uniq_snorg

Skill      XL: |  1  2  3  4  5  6  7  8  9 10 11 12 13 14 |
---------------+-------------------------------------------+-----
Dodging        | 2 3 4 5 7 9 11 12 | 12.7
Stealth        | 2 |  2.1
Spellcasting   | 2 3 4 5 7 8 9 10 | 10.0
Fighting       | 1 2 3 4 5 6 7 9 11 12 | 12.5
Summonings     | 4 5 6 8 10 | 10.0
Hexes          | 1 2 3 4 5 |  5.0
Air Magic      | 3 5 7 |  7.0
Translocations | 2 3 |  3.0

Action                     |  1- 3 |  4- 6 |  7- 9 | 10-12 | 13-15 || total
---------------------------+-------+-------+-------+-------+-------++-------
  Melee: Short sword       |    45 |   139 |   101 |    53 |       ||   338
         Dagger            |     9 |       |       |   113 |   308 ||   430
         Punch             |       |     1 |       |     7 |     3 ||    11
         Hand axe          |       |       |       |    29 |       ||    29
   Cast: Summon Small Mamm |    32 |    29 |    23 |    12 |     8 ||   104
         Call Imp          |    11 |    16 |    14 |    11 |     8 ||    60
         Call Canine Famil |     6 |    20 |    27 |    32 |    22 ||   107
         Summon Guardian G |       |     3 |    25 |    44 |    41 ||   113
         Summon Lightning  |       |       |    19 |    53 |    60 ||   132
         Blink             |       |       |       |     1 |       ||     1
  Evoke: Wand              |       |       |       |       |     7 ||     7
    Use: Scroll            |    11 |     9 |     1 |    11 |     2 ||    34
         Potion            |       |     3 |     9 |     3 |     1 ||    16
   Stab: Sleeping          |     4 |     5 |       |     3 |     1 ||    13
         Distracted        |       |     2 |     2 |     1 |     3 ||     8
 Armour: Robe              |    16 |    63 |    41 |    63 |       ||   183
         Troll leather arm |       |       |       |    26 |    90 ||   116
  Dodge: Dodged            |    42 |    85 |    69 |   209 |   373 ||   778
  Block: Other             |       |       |    27 |    75 |    68 ||   170
         Reflection        |       |       |     1 |     7 |     1 ||     9
